 Dungeon Crawl Stone Soup version 0.30-a0-161-gdd60e06945 (webtiles) character file.

Game seed: 3000802033626582575

664 qw the Chopper (level 7, -4/43 HPs)
             Began as a Gargoyle Fighter on Sept 27, 2022.
             Was an Initiate of Okawaru.
             Slain by a gnoll sergeant
             ... wielding a +0 spear
              (6 damage)
             ... on level 6 of the Dungeon.
             The game lasted 00:01:48 (5765 turns).

qw the Chopper (Gargoyle Fighter)                   Turns: 5765, Time: 00:01:49

Health: -4/43      AC: 14    Str: 20 (21) XL:     7   Next: 57%
Magic:  7/7        EV:  9    Int:  6 (9)  God:    Okawaru [......]
Gold:   255        SH:  4    Dex:  7 (9)  Spells: 6/6 levels left

rFire   . . .      SeeInvis .    Y - +0 war axe (flame)
rCold   . . .      Faith    .    c - +0 buckler
rNeg    + . .      Spirit   .    b - +0 scale mail
rPois   inf        Reflect  .    n - +2 helmet
rElec   +          Harm     .    (no cloak)
rCorr   .          Rampage  .    (no gloves)
Will    .....                    (no boots)
Stlth   ..........               f - amulet of the acrobat
HPRegen 0.14/turn                (no ring)
MPRegen 0.10/turn                (no ring)

@: no status effects
A: sickness immunity, AC +4, negative energy resistance 1, electricity
resistance, torment resistance 1, petrification resistance
a: Renounce Religion


You were on level 6 of the Dungeon.
You worshipped Okawaru.
Okawaru was noncommittal.
You visited 2 branches of the dungeon, and saw 7 of its levels.

You collected 372 gold pieces.
You spent 117 gold pieces at shops.


Innate Abilities, Weirdness & Mutations

You are immune to sickness and miasma.
Your stone body is resilient. (AC +4)
You are immune to poison.
You resist negative energy. (rN+)
You are resistant to electric shocks. (rElec)
You are resistant to unholy torment.
You are immune to petrification.


   Skills:
 - Level 4.2 Fighting
 + Level 6.9 Axes
 - Level 1.0 Throwing
 - Level 3.2 Armour
 - Level 1.0 Dodging
 - Level 3.2 Shields


You had 6 spell levels left.
You didn't know any spells.
Your spell library was empty.

Inventory:

Hand Weapons
 Y - a +0 war axe of flaming (weapon)
Missiles
 j - 5 boomerangs (quivered)
 v - a javelin
Armour
 b - a +0 scale mail (worn)
 c - a +0 buckler (worn)
 n - a +2 helmet (worn)
Jewellery
 f - an amulet of the acrobat (around neck)
 h - a ring of ice
Scrolls
 a - a scroll of teleportation
 m - a scroll of identify
Potions
 d - a potion of might
 e - 4 potions of attraction
 i - a potion of mutation
 k - a potion of heal wounds {unknown}
 l - a potion of curing {unknown}
 o - a potion of resistance {unknown}
 p - 2 potions of cancellation
 t - a potion of invisibility {unknown}

Dungeon Overview and Level Annotations

Branches:
Dungeon (6/15)             Temple (1/1) D:5

Altars:
Ashenzari
Cheibriados
Dithmenos
Fedhas
Gozag
Hepliaklqana
Kikubaaqudgha
Makhleb
Nemelex Xobeh
Okawaru
Qazlal
Ru
Trog
Uskayaw
Vehumet
Wu Jian
Xom
Yredelemnul
Zin
The Shining One

Shops:
D:3 !   D:5 (


Message History

You see here a scroll of poison.
Found a stone staircase leading up.
You hear the slow hiss of a very distant avalanche of sand.
You hear the slow rusting of a very distant drain.
A gnoll sergeant comes into view. It is wielding a +0 spear.
Found two hand axes. 2 gnoll sergeants come into view.
Found a hand axe.
The gnoll sergeant shouts!
A gnoll comes into view. It is wielding a +0 whip.
You block the gnoll sergeant's attack.
You hit the gnoll sergeant but do no damage.
The gnoll sergeant hits you but does no damage.
You barely miss the gnoll sergeant.
The gnoll sergeant hits you with a +0 spear.
The gnoll sergeant blocks your attack. You block the gnoll sergeant's attack.
The gnoll sergeant hits you but does no damage.
You closely miss the gnoll sergeant.
The gnoll sergeant hits you but does no damage.
The gnoll sergeant hits you from afar with a +0 trident.
The gnoll sergeant hits you but does no damage.
You hit the gnoll sergeant but do no damage.
The gnoll sergeant closely misses you.
The gnoll sergeant hits you with a +0 spear!
The gnoll sergeant hits you from afar with a +0 trident.
You hit the gnoll sergeant but do no damage.
The gnoll sergeant hits you from afar with a +0 trident!
You block the gnoll sergeant's attack.
The gnoll sergeant hits you with a +0 spear.
You barely miss the gnoll sergeant.
The gnoll sergeant hits you but does no damage.
The gnoll sergeant completely misses you.
The gnoll sergeant hits you but does no damage.
You closely miss the gnoll sergeant.
The gnoll sergeant hits you from afar with a +0 trident!
You block the gnoll sergeant's attack. x2
The gnoll sergeant hits you from afar with a +0 trident.
The gnoll sergeant hits you with a +0 spear.
You die...

#.#.........####.###
#..............<...#
###.........###.####
####...#### #.#
#...# #.# #...# ##.#
##### #..# #.## 7@7


7g7 ggg 7...7 ..... 7)..7.7 ..7.... ........) You could see 3 gnoll sergeants
and a gnoll.

Vanquished Creatures
  A sky beast (D:6)
  A phantom (D:5)
  2 scorpions
  A crimson imp (D:5)
  A jelly (D:4)
  2 hounds
  3 iguanas
  8 adders
  A gnoll (D:4)
  A white imp (D:5)
  An ufetubus (D:5)
  2 worms
  A dart slug (D:4)
  9 orcs
  2 bats
  12 endoplasms
  3 giant cockroaches
  7 hobgoblins
  6 kobolds
  3 quokkas (D:1)
  7 ball pythons
  2 frilled lizards
  5 goblins
  A rat (D:3)
82 creatures vanquished.

Vanquished Creatures (others)
  A plant (D:4)
1 creature vanquished.

Grand Total: 83 creatures vanquished

Notes
Turn   | Place    | Note
-------+----------+-------------------------------------------
     0 | D:1      | qw the Gargoyle Fighter began the quest for the Orb.
     0 | D:1      | Reached XP level 1. HP: 14/14 MP: 1/1
     0 | D:1      | 0 ||| qw: Version: 0.2-a-10-g37ed214
     0 | D:1      | 0 ||| qw: Game counter: 713
     0 | D:1      | 0 ||| qw: Always use a shield: true
     0 | D:1      | 0 ||| qw: God list: Okawaru
     0 | D:1      | 0 ||| qw: Allow faded altars: false
     0 | D:1      | 0 ||| qw: Do Orc after D:15 true
     0 | D:1      | 0 ||| qw: Do second Lair branch before Depths: true
     0 | D:1      | 0 ||| qw: Lair rune preference: random
     0 | D:1      | 0 ||| qw: Plans: Normal, Zot:1-4, God:TSO, Crypt, Tomb,
                  | Pan, Slime:5, Hells, Abyss, Orb
     0 | D:1      | 0 ||| PLANNING D:1-11
    47 | D:1      | Reached skill level 2 in Axes
   220 | D:1      | Reached XP level 2. HP: 19/19 MP: 2/2
   577 | D:1      | 577 ||| DROPPING amulet of faith.
   578 | D:1      | 578 ||| READING scroll labelled FYODOA RIUB.
   579 | D:1      | 579 ||| READING 2 scrolls labelled SITOCWEROGH.
   580 | D:1      | 580 ||| DROPPING scroll of magic mapping.
   880 | D:2      | Reached skill level 3 in Axes
   880 | D:2      | Reached XP level 3. HP: 23/23 MP: 3/3
  1006 | D:2      | 1006 ||| Stepping ~*~*~tactically~*~*~ (stealth).
  1105 | D:2      | Reached skill level 1 in Throwing
  1130 | D:2      | Found a faded altar of an unknown god.
  1301 | D:2      | Reached XP level 4. HP: 23/28 MP: 4/4
  1740 | D:2      | 1740 ||| UPGRADING to amulet of the acrobat.
  1745 | D:2      | 1745 ||| READING 2 scrolls labelled RIL QUOR IVU.
  1846 | D:2      | 1846 ||| READING scroll labelled IMIARO GOCEE.
  1896 | D:2      | 1896 ||| DRINKING 2 cyan potions.
  1897 | D:2      | 1897 ||| DROPPING scroll of silence.
  2189 | D:3      | Found Ifoajil's Distillery.
  2199 | D:3      | 2199 ||| BUYING potion of attraction (39 gold).
  2199 | D:3      | Bought a potion of attraction for 39 gold pieces
  2199 | D:3      | 2199 ||| BUYING potion of attraction (39 gold).
  2199 | D:3      | Bought a potion of attraction for 39 gold pieces
  2199 | D:3      | 2199 ||| BUYING potion of attraction (39 gold).
  2199 | D:3      | Bought a potion of attraction for 39 gold pieces
  2199 | D:3      | 2199 ||| SHOPLISTING potion of heal wounds (65 gold, have
                  | 31).
  2199 | D:3      | 2199 ||| SHOPLISTING potion of lignification (39 gold, have
                  | 31).
  2331 | D:3      | 2331 ||| DROPPING +0 club.
  2456 | D:3      | Reached skill level 4 in Axes
  2814 | D:3      | 2814 ||| READING scroll labelled PAOGAJYETI.
  2815 | D:3      | 2815 ||| DROPPING +0 flail.
  2816 | D:3      | 2816 ||| READING 2 scrolls labelled EGOL QEPOZAQEO.
  2817 | D:3      | 2817 ||| READING scroll labelled HIZOUP CIZEK.
  2818 | D:3      | 2818 ||| READING scroll labelled QAIKYTHETEUMN.
  2921 | D:4      | Reached XP level 5. HP: 27/32 MP: 5/5
  3006 | D:4      | 3006 ||| Stepping ~*~*~tactically~*~*~ (stealth).
  3014 | D:4      | Reached skill level 5 in Axes
  3125 | D:4      | 3125 ||| Stepping ~*~*~tactically~*~*~ (stealth).
  3126 | D:4      | 3126 ||| Stepping ~*~*~tactically~*~*~ (stealth).
  3135 | D:4      | 3135 ||| FLEEEEING.
  3149 | D:4      | 3149 ||| FLEEEEING.
  3150 | D:4      | 3150 ||| FLEEEEING.
  3181 | D:4      | 3181 ||| Stepping ~*~*~tactically~*~*~ (stealth).
  3201 | D:4      | 3201 ||| Stepping ~*~*~tactically~*~*~ (stealth).
  3203 | D:4      | Reached XP level 6. HP: 38/38 MP: 6/6
  3203 | D:4      | 3203 ||| Stepping ~*~*~tactically~*~*~ (stealth).
  3208 | D:4      | 3208 ||| Stepping ~*~*~tactically~*~*~ (stealth).
  3209 | D:4      | 3209 ||| Stepping ~*~*~tactically~*~*~ (stealth).
  3210 | D:4      | 3210 ||| Stepping ~*~*~tactically~*~*~ (stealth).
  3265 | D:4      | 3265 ||| Stepping ~*~*~tactically~*~*~ (stealth).
  3571 | D:4      | Reached skill level 1 in Dodging
  3759 | D:4      | 3759 ||| UPGRADING to +2 helmet.
  3764 | D:4      | 3764 ||| READING 2 scrolls labelled QOEXYKOLAG.
  3769 | D:4      | 3769 ||| READING scroll labelled KAYSAL OZOFA.
  3770 | D:4      | 3770 ||| READING scroll labelled BAXIEW QAIS.
  3771 | D:4      | 3771 ||| DRINKING 2 amethyst potions.
  3772 | D:4      | 3772 ||| READING 3 scrolls of identify.
  3772 | D:4      | 3772 ||| IDENTIFYING lumpy dark potion
  3773 | D:4      | 3773 ||| READING 2 scrolls of identify.
  3773 | D:4      | 3773 ||| IDENTIFYING bubbling silvery potion
  3774 | D:4      | 3774 ||| DROPPING potion of berserk rage.
  3775 | D:4      | 3775 ||| DROPPING potion of flight.
  3805 | D:5      | Entered Level 5 of the Dungeon
  3806 | D:5      | Found Foiphuikh's Antique Weapon Boutique.
  4110 | D:5      | Found a burning altar of Makhleb.
  4241 | D:5      | Reached skill level 6 in Axes
  4241 | D:5      | Reached XP level 7. HP: 43/43 MP: 7/7
  4298 | D:5      | 4298 ||| Stepping ~*~*~tactically~*~*~ (stealth).
  4303 | D:5      | 4303 ||| Stepping ~*~*~tactically~*~*~ (stealth).
  4305 | D:5      | 4305 ||| Stepping ~*~*~tactically~*~*~ (stealth).
  4307 | D:5      | 4307 ||| Stepping ~*~*~tactically~*~*~ (stealth).
  4409 | D:5      | Found a staircase to the Ecumenical Temple.
  4410 | D:5      | 4410 ||| PLANNING TEMPLE
  4410 | D:5      | 4410 ||| READING scroll labelled ZORHIE GAKO.
  4411 | D:5      | 4411 ||| READING scroll labelled WYXZOHEEXAB.
  4412 | D:5      | 4412 ||| DRINKING 2 purple potions.
  4413 | D:5      | 4413 ||| DRINKING 2 fuming emerald potions.
  4414 | D:5      | 4414 ||| READING 3 scrolls of identify.
  4414 | D:5      | 4414 ||| IDENTIFYING viscous orange potion
  4415 | D:5      | 4415 ||| READING 2 scrolls of identify.
  4415 | D:5      | 4415 ||| IDENTIFYING puce potion
  4416 | D:5      | 4416 ||| DROPPING potion of ambrosia.
  4417 | D:5      | 4417 ||| DROPPING potion of magic.
  4418 | D:5      | 4418 ||| DROPPING potion of degeneration.
  4427 | Temple   | Entered the Ecumenical Temple
  4447 | Temple   | 4447 ||| PLANNING OKAWARU WORSHIP
  5359 | Temple   | Became a worshipper of Warmaster Okawaru
  5360 | Temple   | 5360 ||| PLANNING D:1-11
  5630 | D:5      | 5630 ||| READING scroll labelled SUZXOUFI XIRABAY.
  5647 | D:6      | 5647 ||| PLANNING SEWER
  5669 | D:6      | 5669 ||| Stepping ~*~*~tactically~*~*~ (stealth).
  5765 | D:6      | HP: 7/43 [gnoll sergeant/+0 trident (11)]
  5765 | D:6      | HP: 2/43 [gnoll sergeant/+0 trident (5)]
  5765 | D:6      | Slain by a gnoll sergeant

Levels and vault maps discovered:
D:1:      dpeg_arrival_boxorama, layout_basic, chequers_serial_rivers_room_a
D:2:      layout_loops_ring, hellmonk_ecumenical_altar_zigzags
D:3:      layout_loops_corners, serial_shops, nicolae_shop_statue_plus,
          minmay_misc_feat_iff
D:4:      layout_loops_ring, corexii_shack, amethyst_killhole, minmay_bent
D:5:      nicolae_cairo_tiling_very_big, layout_cave_pools,
          mainiacjoe_overflow_brackets, minmay_temple_entry_poolview,
          serial_shops, shop, minmay_fire_ice_demons
D:6:      minmay_chambers_of_threes, layout_loops_cross, lemuel_blue_sif_altar,
          enter_ossuary_3, gup_sewer_entry_bowl, kennysheep_pointless_box,
          pf_guarded_unrand_woodcutter
Temple:   compressed_dpeg_triangle_lava_temple

Skill      XL: |  1  2  3  4  5  6 |
---------------+-------------------+-----
Axes           | 2 3 4 5 6 |  6.9
Throwing       | 1 |  1.0
Fighting       | 4 |  4.2
Dodging        | 1 |  1.0
Armour         | |  3.2
Shields        | |  3.2

Action                   |  1- 3 |  4- 6 |  7- 9 || total
-------------------------+-------+-------+-------++-------
Melee: War axe           |    73 |   157 |    37 ||   267
Throw: Javelin           |    23 |    28 |     3 ||    54
       Boomerang         |       |    33 |     6 ||    39
  Use: Scroll            |     2 |    11 |     5 ||    18
       Potion            |       |     2 |     2 ||     4
Armor: Scale mail        |    43 |    79 |    23 ||   145
Dodge: Dodged            |    39 |    61 |    15 ||   115
Block: Buckler           |    16 |    33 |    10 ||    59

Table legend:
 A = Non-vault XP
 B = Vault XP
 C = Vault XP percentage of total XP
 D = Non-vault monster count
 E = Vault monster count
 F = Vault count percentage of total count
                 A         B        C        D         E       F
            +---------+---------+-------+---------+---------+-------
      Total |     801 |     148 |  15.6 |      71 |      11 |  13.4
            +---------+---------+-------+---------+---------+-------
        D:1 |      22 |       0 |   0.0 |      13 |       0 |   0.0
        D:2 |      74 |       0 |   0.0 |      14 |       0 |   0.0
        D:3 |      33 |       0 |   0.0 |      12 |       0 |   0.0
        D:4 |     254 |      88 |  25.7 |      21 |       9 |  30.0
        D:5 |     294 |      60 |  16.9 |      10 |       2 |  16.7
        D:6 |     124 |       0 |   0.0 |       1 |       0 |   0.0
            +---------+---------+-------+---------+---------+-------
